 Dungeon Crawl Stone Soup version 0.16.0-18-g484a79e (webtiles) character file.

172 SKei0 the Sneak (level 5, 0/26 HPs)
             Began as a Vine Stalker Assassin on Mar 22, 2015.
             Slain by Grinder (2 damage)
             ... on level 3 of the Dungeon.
             The game lasted 00:06:06 (1755 turns).

SKei0 the Sneak (Vine Stalker Assassin)             Turns: 1755, Time: 00:06:06

Health: 0/26       AC:  6    Str: 14    XL:     5   Next: 52%
Magic:  0/7        EV: 11    Int: 11    God:
Gold:   148        SH:  0    Dex: 16    Spells: 0 memorised, 4 levels left

rFire  . . .     SeeInvis .     a - +2 dagger
rCold  . . .     Clarity  .     c - +0 robe
rNeg   . . .     SustAb   .     (no shield)
rPois  .         Gourm    .     k - +2 helmet
rElec  .         Spirit   +     d - +0 cloak
rCorr  .         Warding  .     (no gloves)
rMut   .         Stasis   .     (no boots)
MR     +....                    (no amulet)
Stlth  ++++......               (no ring)
                                i - ring of protection from magic

@: somewhat resistant to hostile enchantments, stealthy
A: fangs 2, regeneration 1, magic shield, antimagic bite, no device heal 3, rot
immunity
a: no special abilities


You were on level 3 of the Dungeon.
You were hungry.

You visited 1 branch of the dungeon, and saw 3 of its levels.

You collected 148 gold pieces.

Inventory:

Hand weapons
 a - a +2 dagger (weapon)
 b - a +0 blowgun
Missiles
 e - 8 poisoned needles
 f - 2 curare-tipped needles
Armour
 c - a +0 robe (worn)
 d - a +0 cloak (worn)
 k - a +2 helmet (worn)
Jewellery
 i - a ring of protection from magic (left hand)
 l - an uncursed ring of flight {unknown}
Magical devices
 x - a wand of digging (8)
Scrolls
 h - 3 scrolls of remove curse
 j - 4 scrolls of identify {unknown}
 o - 2 scrolls of blinking {unknown}
 q - a scroll of recharging {unknown}
 r - 4 scrolls of magic mapping {unknown}
 t - 3 scrolls of immolation {unknown}
 w - a scroll of enchant weapon {unknown}
 y - a scroll of fog {unknown}
Potions
 m - 2 potions of curing {unknown}
 p - a potion of might {unknown}
 u - a potion of heal wounds {unknown}
 z - 2 potions of poison {unknown}
 B - a potion of agility {unknown}
 C - a potion of magic {unknown}
Comestibles
 g - 2 bread rations
 n - 2 meat rations
 s - 5 fruits
 v - a royal jelly
 A - a slice of pizza


   Skills:
 - Level 1.7 Fighting
 + Level 3.4 Short Blades
 - Level 1.7 Throwing
 - Level 0.7 Dodging
 * Level 7.1 Stealth


You had 4 spell levels left.
You didn't know any spells.

Dungeon Overview and Level Annotations

Branches:
Dungeon (3/15)

Altars:
Elyvilon

Annotations:
D:3 Grinder


Innate Abilities, Weirdness & Mutations

You have extremely sharp teeth.
Your natural rate of healing is unusually fast.
When hurt, damage is shared between your health and your magic reserves.
Your bite disrupts and absorbs the magic of your enemies.
Potions and wands cannot restore your health.
You are immune to rotting.


Message History

You drain his magic.
You feel invigorated.
Grinder is moderately wounded.
Grinder says, "You look like you could use a good racking."
Grinder hits you.
You writhe in agony.
You closely miss Grinder.
Grinder is moderately wounded.
Grinder falters for a moment.
You hit Grinder. Your bite misses Grinder.
Grinder is heavily wounded.
Grinder falters for a moment.
You hit Grinder but do no damage.
Grinder is heavily wounded.
Grinder hits you!
* * * LOW HITPOINT WARNING * * *
You writhe in agony.
* * * LOW HITPOINT WARNING * * *
You hit Grinder but do no damage.
Grinder is heavily wounded.
Grinder hits you.
You die...

#.......## #.....
#........###.....
###.......#.......
#.....(...#.######
#.................
#.....#....#######
#........#...# ##
##........###.####.
######.@5...#...........
#.....w##......##.......
.................<.........
#.....#...#.#.###.........
........##..#.# #.#.......
#.⌠.⌠.#.. .##.###...<.....
........ ....##..#.......
... #.. ............... _.
.... ...............


You could see Grinder and a worm.

Vanquished Creatures
  Sigmund (D:2)
  4 adders (D:2)
  A worm (D:2)
  2 giant geckos (D:2)
  2 orcs
  8 giant cockroaches
  5 goblins
  7 hobgoblins
  2 jackals (D:2)
  6 kobolds
  A ball python (D:1)
  5 bats
  2 giant newts
  3 quokkas
  3 rats
52 creatures vanquished.

Notes
Turn   | Place    | Note
--------------------------------------------------------------
     0 | D:1      | SKei0, the Vine Stalker Assassin, began the quest for the Orb.
     0 | D:1      | Reached XP level 1. HP: 11/11 MP: 1/1
    88 | D:1      | Reached skill level 5 in Stealth
   150 | D:1      | Reached XP level 2. HP: 15/15 MP: 3/3
   803 | D:2      | Reached XP level 3. HP: 9/18 MP: 2/4
  1228 | D:2      | Reached XP level 4. HP: 23/23 MP: 5/5
  1289 | D:2      | Reached skill level 6 in Stealth
  1387 | D:2      | Noticed Sigmund
  1393 | D:2      | Killed Sigmund
  1393 | D:2      | Reached XP level 5. HP: 26/26 MP: 7/7
  1568 | D:3      | Reached skill level 7 in Stealth
  1731 | D:3      | Noticed Grinder
  1733 | D:3      | Found a white marble altar of Elyvilon.
  1733 | D:3      | Paralysed by Grinder for 7 turns
  1755 | D:3      | Slain by Grinder

Action                   |  1- 3 |  4- 6 || total
-------------------------+-------+-------++-------
Melee: Dagger            |   101 |    56 ||   157
  Use: Scroll            |     1 |       ||     1
 Stab: Sleeping          |    16 |     5 ||    21
  Eat: Chunk             |       |     2 ||     2
